 Dungeon Crawl Stone Soup version 0.17-a0-1399-gd5b76e1 (webtiles) character file.

270 Hanyuu the Insei (level 6, -1/38 HPs)
             Began as an Octopode Transmuter on June 18, 2015.
             Slain by an adder (4 damage)
             ... on level 3 of the Dungeon.
             The game lasted 00:06:36 (2108 turns).

Hanyuu the Insei (Octopode Transmuter)              Turns: 2108, Time: 00:06:37

Health: -1/38      AC:  2    Str: 10    XL:     6   Next: 22%
Magic:  6/9        EV: 19    Int: 17    God:
Gold:   130        SH:  0    Dex: 17    Spells: 3 memorised, 3 levels left

rFire  + . .     SeeInvis .       - Unarmed
rCold  . . .     Clarity  .     (shield currently unavailable)
rNeg   . . .     SustAt   .     (helmet currently unavailable)
rPois  x         Gourm    .     (no amulet)
rElec  .         Spirit   .     p - ring of protection from fire
rCorr  .         Warding  .     (no ring)
rMut   .         Stasis   .     (no ring)
MR     .....                    (no ring)
Stlth  ++........               (no ring)
                                (no ring)
                                (no ring)
                                (no ring)

@: spider-form (expiring), not resistant to hostile enchantments, unstealthy
A: almost no armour, amphibious, 8 rings, (constrict 8), (camouflage 0),
(gelatinous body 0)
a: End Transformation


You were on level 3 of the Dungeon.
You were hungry.
You were a venomous arachnid creature.
You visited 1 branch of the dungeon, and saw 3 of its levels.

You collected 130 gold pieces.

Inventory:

Missiles
 a - 42 arrows
Jewellery
 l - an uncursed amulet of faith
 p - a ring of protection from fire (left front leg)
Scrolls
 e - 2 scrolls of remove curse
 r - a scroll of random uselessness {unknown}
 s - a scroll of identify {unknown}
 t - a scroll of amnesia {unknown}
 w - a scroll of noise {unknown}
Potions
 f - 2 potions of brilliance {unknown}
 g - a potion of flight {unknown}
 h - a potion of mutation {unknown}
 i - 4 potions of curing {unknown}
 j - a potion of ambrosia {unknown}
 k - a potion of agility {unknown}
 n - a potion of haste {unknown}
 o - a potion of beneficial mutation {unknown}
 u - a potion of heal wounds {unknown}
 v - a potion of degeneration {unknown}
Books
 b - a book of Changes

   Spells                             Type                      Level
   a - Beastly Appendage              Transmutation                1
   b - Sticks to Snakes               Transmutation                2
   c - Spider Form                    Transmutation/Poison         3
   d - Ice Form                       Ice/Transmutation            4
   e - Blade Hands                    Transmutation                5
Comestibles
 c - 2 bread rations
 d - a meat ration
 m - a royal jelly
 q - a chunk of flesh


   Skills:
 - Level 1.0 Fighting
 - Level 2.0 Dodging
 * Level 6.0 Unarmed Combat
 - Level 2.0 Spellcasting
 + Level 3.5 Transmutations


You had 3 spell levels left.
You knew the following spells:

 Your Spells              Type           Power        Failure   Level  Hunger
a - Beastly Appendage     Trmt           ##....       14%         1    #......
b - Sticks to Snakes      Trmt           ##........   24%         2    ###....
c - Spider Form           Trmt/Pois      #.........   52%         3    ###....


Dungeon Overview and Level Annotations

Branches:
Dungeon (3/15)

Altars:
Dithmenos


Innate Abilities, Weirdness & Mutations

You cannot wear most types of armour.
You are amphibious.
You can wear up to eight rings at the same time.
((You can use your tentacles to constrict eight enemies at once.))
((Your skin changes colour to match your surroundings (Stealth).))
((Your rubbery body absorbs attacks (AC +1).))


Message History

Items here: ))) †† a short sword; a flail; a club; an orc corpse; a hobgoblin corpse You hit the river rat but do no damage.
The river rat is poisoned.
The river rat bites you!
* * * LOW HITPOINT WARNING * * *
The orc priest looks braver.
The orc wizard gestures wildly while chanting.
The orc wizard flickers and vanishes!
Deactivating autopickup; reactivate with Ctrl-A.
A rat comes into view.
Your transformation has ended.
There is a stone staircase leading down here.
There isn't anything here!
Casting: Spider Form
Confirm with . or Enter, or press ? or * to list all spells.
You turn into a venomous arachnid creature.
You kill the river rat!
Your transformation is almost over.
The adder bites you.
You die...

##................##
##..............##
##............##
##..........##
##........##
####''#### #..#.
##.#.######
#.#.s....#
#.##KS...# #.
#.##.....###....
#..#.............
##.#...r.####...##
######.#.{...#
##....#
#.........)..#
#.....#
....#####.o...#
#..{.o .. #...###
#...


You could see an orc priest, an adder, a kobold and a rat.

Vanquished Creatures
  The ghost of Borgoz the Sneak, an average KoAs (D:3)
  An orc priest (D:3)
  3 gnolls (D:3)
  3 adders (D:2)
  A river rat (D:3)
  An ooze (D:1)
  A giant gecko (D:1)
  3 orcs (D:3)
  8 bats
  2 giant cockroaches
  11 hobgoblins
  3 jackals (D:2)
  4 giant newts
  5 goblins
  9 kobolds
  7 rats
63 creatures vanquished.

Notes
Turn   | Place    | Note
--------------------------------------------------------------
     0 | D:1      | Hanyuu the Octopode Transmuter began the quest for the Orb.
     0 | D:1      | Reached XP level 1. HP: 13/13 MP: 3/3
   433 | D:1      | Reached XP level 2. HP: 18/18 MP: 5/5
   605 | D:1      | Reached skill level 4 in Unarmed Combat
   688 | D:1      | Reached XP level 3. HP: 15/23 MP: 6/6
   692 | D:1      | Learned a level 2 spell: Sticks to Snakes
   696 | D:1      | Learned a level 3 spell: Spider Form
  1490 | D:2      | Reached XP level 4. HP: 25/28 MP: 5/7
  1820 | D:3      | Noticed Borgoz's ghost (average KoAs)
  1845 | D:3      | Reached skill level 5 in Unarmed Combat
  1876 | D:3      | Killed Borgoz's ghost
  1876 | D:3      | Reached XP level 5. HP: 25/33 MP: 2/8
  2007 | D:3      | Reached XP level 6. HP: 33/38 MP: 6/9
  2063 | D:3      | Found a shadowy altar of Dithmenos.
  2092 | D:3      | Reached skill level 6 in Unarmed Combat
  2108 | D:3      | Slain by an adder

Vault maps used:
D:1:      lightli_arrival_statuegarden
D:2:      first_bread
D:3:      kennysheep_big_flooded_room, serial_forest,
          infiniplex_forest_zigzag_2, infiniplex_forest_straight_2,
          infiniplex_forest_straight_1, infiniplex_forest_straight_2,
          infiniplex_forest_clump_cross, portal_sewer_entry_a,
          grunt_dithmenos_smoke

Action                   |  1- 3 |  4- 6 || total
-------------------------+-------+-------++-------
Melee: Unarmed           |    83 |    78 ||   161
 Cast: Beastly Appendage |     3 |     2 ||     5
       Spider Form       |       |     7 ||     7
  Use: Scroll            |     3 |       ||     3
 Stab: Sleeping          |     2 |       ||     2
  Eat: Chunk             |     1 |     3 ||     4
